 Dungeon Sprint DCSS version 0.29.1-1-gd02db6906a (webtiles) character file.

Game seed: 10048807651549644641

987 Iusername the Protected (level 7, -5/74 HPs)
             Began as a Minotaur Fighter on Oct 6, 2022.
             Succumbed to Sonja's poison
             ... in the Dungeon (Sprint I: "Red Sonja").
             The game lasted 00:01:20 (489 turns).

Iusername the Protected (Minotaur Fighter)           Turns: 489, Time: 00:01:21

Health: -5/74      AC:  9    Str: 23    XL:     7   Next: 97%
Magic:  6/6        EV: 10    Int:  5    God:
Gold:   309        SH:  6    Dex:  9    Spells: 6/6 levels left

rFire   . . .      SeeInvis .   a - +0 war axe
rCold   . . .      Faith    .   c - +0 buckler
rNeg    . . .      Spirit   .   b - +0 scale mail
rPois   .          Reflect  .   (helmet restricted)
rElec   .          Harm     .   (no cloak)
rCorr   .          Rampage  .   (no gloves)
Will    .....      NoTele   +   (no boots)
Stlth   ..........              (no amulet)
HPRegen 0.22/turn               (no ring)
MPRegen 0.10/turn               (no ring)

@: lethally poisoned (-5 -> -50), on berserk cooldown, slowed, very slow
A: horns 2, retaliatory headbutt
a: no special abilities


You were in the Dungeon.
You visited 1 branch You collected 309 gold pieces.

Inventory:

Hand Weapons
 a - a +0 war axe (weapon)
Armour
 b - a +0 scale mail (worn)
 c - a +0 buckler (worn)
Wands
 d - a wand of digging (6)
Scrolls
 j - a scroll of blinking
 l - a scroll of vulnerability {unknown}
Potions
 e - a potion of curing
 f - a potion of heal wounds
 g - a potion of mutation {unknown}
 h - 2 potions of magic
 k - a potion of attraction {unknown}


   Skills:
 + Level 11.5 Fighting
 + Level 9.1 Axes
 + Level 11.8 Armour
 + Level 2.1 Dodging
 + Level 11.0 Shields


You had 6 spell levels left.
You didn't know any spells.
Your spell library was empty.

Dungeon Overview and Level Annotations

Branches:
Dungeon (1/1)

Altars:
Cheibriados
Dithmenos
Elyvilon
Fedhas
Gozag
Hepliaklqana
Kikubaaqudgha
Nemelex Xobeh
Okawaru
Qazlal
Ru
Sif Muna
Trog
Uskayaw
Vehumet
Wu Jian
Yredelemnul
Zin
The Shining One

Shops:
D !


Innate Abilities, Weirdness & Mutations

You have a pair of horns on your head.
You reflexively headbutt those who attack you in melee.


Message History

Sonja blinks!
Unknown command.
You feel extremely sick.
Sonja mumbles some strange words.
Sonja blinks!
You feel a strong urge to attack something.
* * * LOW HITPOINT WARNING * * *
You feel very sick. Sonja barely misses you. You furiously retaliate!
You headbutt Sonja.
Sonja hits you with a +0 dagger of venom.
* * * LOW HITPOINT WARNING * * *
Sonja barely misses you.
Unknown command.
You miss Sonja. Your headbutt misses Sonja.
Sonja is almost dead.
* * * LOW HITPOINT WARNING * * *
You feel very sick.
Sonja hits you with a +0 dagger of venom.
* * * LOW HITPOINT WARNING * * *
Sonja hits you with a +0 dagger of venom.
* * * LOW HITPOINT WARNING * * *
You are more poisoned.
Sonja hits you but does no damage.
You are more poisoned.
Unknown command.
You slash Sonja!
You kill Sonja!
* * * LOW HITPOINT WARNING * * *
You feel extremely sick.
Your Fighting skill gained 2 levels and is now at level 11!
Your Axes skill gained 2 levels and is now at level 9!
Your Armour skill increases to level 11!
Your Dodging skill increases to level 2!
Your Shields skill gained 2 levels and is now at level 11!
You have reached level 7!
You are too berserk!
You are no longer berserk.
You are exhausted.
You feel yourself slow down.
You die...

#..#####'#####'#
#..####..#...#.#
#..#__####..##.#
#..#_____##'#_.+
#⌠⌠#_.∩...†..._#
####_..__##_.#+#
#_____###'#
#########.##
+).@+ #$.$#
##.## #+#


There were no monsters in sight!

Vanquished Creatures
  Sonja (D)
  Sigmund (D)
  A yak (D)
  An ogre (D)
  A jelly (D)
  Ijyb (D)
6 creatures vanquished.

Notes
Turn   | Place    | Note
-------+----------+-------------------------------------------
     0 | D        | Iusername the Minotaur Fighter began the quest for the Orb.
     0 | D        | Reached XP level 1. HP: 19/19 MP: 0/0
     1 | D        | Noticed Ijyb
    11 | D        | Killed Ijyb
    12 | D        | Reached skill level 5 in Fighting
    12 | D        | Reached skill level 5 in Armour
    12 | D        | Reached skill level 5 in Shields
    12 | D        | Reached XP level 2. HP: 13/29 MP: 1/1
   388 | D        | Noticed an ogre
   395 | D        | Killed an ogre
   396 | D        | Reached XP level 3. HP: 39/39 MP: 2/2
   396 | D        | Reached XP level 4. HP: 47/47 MP: 3/3
   409 | D        | Noticed Sigmund
   412 | D        | Killed Sigmund
   413 | D        | Reached XP level 5. HP: 56/56 MP: 4/4
   428 | D        | Found an ornate altar of the Wu Jian Council.
   428 | D        | Found a shimmering blue altar of Sif Muna.
   430 | D        | Found a radiant altar of Vehumet.
   434 | D        | Reached XP level 6. HP: 60/63 MP: 5/5
   444 | D        | Found Xeujeaz's Distillery.
   444 | D        | Found an ancient bone altar of Kikubaaqudgha.
   444 | D        | Found a hazy altar of Hepliaklqana.
   444 | D        | Found a stormy altar of Qazlal.
   444 | D        | Found a hide-covered altar of Uskayaw.
   444 | D        | Found a blossoming altar of Fedhas.
   444 | D        | Found a bloodstained altar of Trog.
   444 | D        | Found an iron altar of Okawaru.
   444 | D        | Found a basalt altar of Yredelemnul.
   444 | D        | Found a glowing golden altar of the Shining One.
   444 | D        | Found a snail-covered altar of Cheibriados.
   444 | D        | Found a sacrificial altar of Ru.
   444 | D        | Found a glowing silver altar of Zin.
   444 | D        | Found a shadowy altar of Dithmenos.
   444 | D        | Found a white marble altar of Elyvilon.
   444 | D        | Noticed a yak
   451 | D        | Killed a yak
   452 | D        | Reached skill level 10 in Armour
   452 | D        | Reached skill level 1 in Dodging
   452 | D        | Found an opulent altar of Gozag.
   453 | D        | Found a sparkling altar of Nemelex Xobeh.
   478 | D        | Noticed Sonja
   488 | D        | Killed Sonja
   488 | D        | HP: 3/99 [poisoned by Sonja]
   489 | D        | Reached XP level 7. HP: 3/74 MP: 6/6
   489 | D        | Succumbed to Sonja's poison

Illustrated notes

Levels and vault maps discovered:
D:        dungeon_sprint_1 [red_sonja_temple_1, red_sonja_temple_small_1]

Skill      XL: |  1  2  3  4  5  6 |
---------------+-------------------+-----
Fighting       | 5 7 8 9 11 | 11.5
Axes           | 3 4 6 9 |  9.1
Armour         | 5 7 8 9 11 | 11.8
Shields        | 5 6 8 11 | 11.0
Dodging        | 2 |  2.1

Action                   |  1- 3 |  4- 6 |  7- 9 || total
-------------------------+-------+-------+-------++-------
Melee: War axe           |    15 |    16 |       ||    31
       Headbutt          |     2 |       |       ||     2
  Use: Potion            |     2 |     1 |       ||     3
Armor: Scale mail        |     2 |     5 |       ||     7
Dodge: Dodged            |     6 |     8 |       ||    14
Block: Buckler           |     1 |     8 |       ||     9
